 Dungeon Crawl Stone Soup version 0.16-a0-2702-gfff482a (webtiles) character file.

293 eljoo the Sneak (level 6, -3/28 HPs)
             Began as a Vine Stalker Air Elementalist on Nov 16, 2014.
             Slain by a centaur skeleton (5 damage)
             ... on level 4 of the Dungeon on Nov 25, 2014.
             The game lasted 00:47:08 (4711 turns).

eljoo the Sneak (Vine Stalker Air Elementalist)     Turns: 4711, Time: 00:47:08

Health: -3/28      AC:  2    Str: 11    XL:     6   Next: 33%
Magic:  0/15       EV: 13    Int: 17    God:
Gold:   107        SH:  0    Dex: 14    Spells: 3 memorised, 6 levels left

rFire  . . .     SeeInvis .     s - -3 short sword (curse)
rCold  . . .     Clarity  .     a - +0 robe
rNeg   . . .     SustAb   .     (no shield)
rPois  .         Gourm    .     (no helmet)
rElec  .         Spirit   +     (no cloak)
rCorr  .         Warding  .     (no gloves)
rMut   .         Stasis   .     (no boots)
MR     +....                    (no amulet)
Stlth  +++.......               (no ring)
                                e - ring of protection from magic

@: somewhat resistant to hostile enchantments, fairly stealthy
A: fangs 2, regeneration 2, magic shield, antimagic bite, no device heal 3, rot
immunity
a: no special abilities


You were on level 4 of the Dungeon.
You were not hungry.

You visited 1 branch of the dungeon, and saw 4 of its levels.

You collected 107 gold pieces.

Inventory:

Hand weapons
 d - a cursed -2 short sword
 g - a +1 hand axe of freezing
 s - a cursed -3 short sword (weapon)
Armour
 a - a +0 robe (worn)
 u - a +0 robe
Rods
 v - a cursed +0 rod of clouds (9/9)
   (You found it on level 4 of the Dungeon)
Jewellery
 e - a ring of protection from magic (left hand)
Magical devices
 q - a wand of fireball (5)
Scrolls
 h - 3 scrolls of random uselessness
 n - a scroll of identify
 o - a scroll of recharging
 p - a scroll of teleportation {unknown}
Potions
 j - 2 potions of might {unknown}
 k - 2 potions of curing {unknown}
 l - a potion of lignification {unknown}
 m - a potion of brilliance {unknown}
 r - 2 potions of heal wounds {unknown}
 w - 2 potions of magic {unknown}
 z - a potion of haste {unknown}
Books
 b - a book of Air

   Spells                             Type                      Level
   *Shock                             Conjuration/Air              1
   *Swiftness                         Charms/Air                   2
   Repel Missiles                     Charms/Air                   2
   Flight                             Charms/Air                   3
   *Static Discharge                  Conjuration/Air              3
   Lightning Bolt                     Conjuration/Air              5
 f - a book of Annihilations {highlevel, unknown}

   This book is beyond your current level of understanding.

   Spells                             Type                      Level
   Poison Arrow                       Conjuration/Poison           6
   Chain Lightning                    Conjuration/Air              8
   Lehudib's Crystal Spear            Conjuration/Earth            8
   Glaciate                           Conjuration/Ice              9
   Fire Storm                         Conjuration/Fire             9
Comestibles
 c - 2 bread rations
 i - a beef jerky
 t - 3 fruits
 x - 3 chunks of flesh


   Skills:
 + Level 2.5 Dodging
 + Level 4.0 Stealth
 - Level 0.2 Unarmed Combat
 * Level 3.8 Spellcasting
 * Level 2.4 Conjurations
 * Level 1.4 Charms
 * Level 3.8 Air Magic


You had 6 spell levels left.
You knew the following spells:

 Your Spells              Type           Power        Failure   Level  Hunger
a - Shock                 Conj/Air       ##..         4%          1    None
b - Static Discharge      Conj/Air       ##......     14%         3    ###....
c - Swiftness             Chrm/Air       ##......     10%         2    ##.....


Dungeon Overview and Level Annotations

Branches:
Dungeon (4/15)
 Temple: D:4-7

Altars:
Dithmenos

Annotations:
D:1 !yak


Innate Abilities, Weirdness & Mutations

You have extremely sharp teeth.
You heal very quickly.
When hurt, damage is shared between your health and your magic reserves.
Your bite disrupts and absorbs the magic of your enemies.
Potions and wands cannot restore your health.
You are immune to rotting.


Message History

Press: ? - help, Shift-Dir - straight line, f/p - centaur skeleton
Aim: a centaur skeleton The zap hits the centaur skeleton.
The centaur skeleton barely misses you.
Casting: Shock
Confirm with . or Enter, or press ? or * to list all spells.
Aiming: Shock
Press: ? - help, Shift-Dir - straight line, f/p - centaur skeleton
Aim: a centaur skeleton The zap hits the centaur skeleton.
The centaur skeleton hits you!
Casting: Shock
Confirm with . or Enter, or press ? or * to list all spells.
Aiming: Shock
Press: ? - help, Shift-Dir - straight line, f/p - centaur skeleton
Aim: a centaur skeleton The zap hits the centaur skeleton.
The centaur skeleton hits you.
* * * LOW HITPOINT WARNING * * *
The centaur skeleton hits you.
* * * LOW HITPOINT WARNING * * *
The centaur skeleton hits you.
You die...

.. #..## ##.# ####÷##
##..# ###....# ##...#
##...#### #...# #..###
# #.#.####<#########
#.#.#....#....##..
#####.....####.......#
#...Z@...## #....####
#..%.##.....# #....#
## #.... ###.###
#....# #. ...>...
.......###....# #.
......#
#######........###.
....# #####†.......
..)
###########.####... ..
........<.)........
..........(..Y.....


You could see a centaur skeleton.

Vanquished Creatures
  A hound (D:4)
  A giant frog zombie (D:4)
  A worker ant (D:3)
  Ijyb (D:3)
  4 gnolls (D:3)
  5 adders
  2 worms (D:2)
  5 giant geckos
  6 orcs
  10 bats
  6 giant cockroaches
  11 goblins
  5 hobgoblins
  9 jackals
  3 ball pythons
  5 giant newts
  5 kobolds
  11 rats
91 creatures vanquished.

Notes
Turn   | Place    | Note
--------------------------------------------------------------
     0 | D:1      | eljoo, the Vine Stalker Air Elementalist, began the quest for the Orb.
     0 | D:1      | Reached XP level 1. HP: 9/9 MP: 3/3
   237 | D:1      | Reached XP level 2. HP: 13/13 MP: 0/6
   821 | D:1      | Reached XP level 3. HP: 16/16 MP: 1/7
  1680 | D:2      | Reached XP level 4. HP: 10/21 MP: 0/9
  2522 | D:3      | Noticed Ijyb
  2548 | D:3      | Killed Ijyb
  2625 | D:3      | Learned a level 3 spell: Static Discharge
  2628 | D:3      | Learned a level 2 spell: Swiftness
  2640 | D:3      | Found a shadowy altar of Dithmenos.
  2730 | D:3      | Reached XP level 5. HP: 17/24 MP: 5/13
  3425 | D:4      | Reached skill level 1 in Charms
  3650 | D:3      | Gained mutation: You heal very quickly. [vine stalker growth]
  3650 | D:3      | Reached XP level 6. HP: 28/28 MP: 6/15
  3684 | D:4      | Noticed a yak
  3684 | D:4      | Noticed a yak
  3684 | D:4      | Noticed a yak
  4052 | D:4      | Upgraded the game from 0.16-a0-2296-gdce89d5 to 0.16-a0-2376-g7c77ec3
  4069 | D:4      | Reached skill level 4 in Stealth
  4424 | D:2      | Upgraded the game from 0.16-a0-2376-g7c77ec3 to 0.16-a0-2675-g216447c
  4560 | D:2      | Upgraded the game from 0.16-a0-2675-g216447c to 0.16-a0-2702-gfff482a
  4708 | D:4      | HP: 1/28 [centaur skeleton (6)]
  4711 | D:4      | Slain by a centaur skeleton

Action                   |  1- 3 |  4- 6 || total
-------------------------+-------+-------++-------
Melee: Unarmed           |    41 |     2 ||    43
       Short sword       |       |    27 ||    27
 Cast: Shock             |    90 |   160 ||   250
       Swiftness         |       |     8 ||     8
       Static Discharge  |       |     2 ||     2
  Use: Scroll            |     1 |     4 ||     5
 Stab: Sleeping          |     1 |       ||     1
  Eat: Chunk             |     2 |     3 ||     5
       Bread ration      |     1 |     1 ||     2
       Fruit             |       |     1 ||     1
